 Dungeon Crawl Stone Soup version 0.28-a0-1117-g0bdd5ba030 (webtiles) character file.

Game seed: 14210915789553409262

91 random13 the Insei (level 4, -5/28 HPs)
             Began as an Octopode Transmuter on Dec 11, 2021.
             Killed from afar by an orc wizard (6 damage)
             ... with a magic dart
             ... on level 4 of the Dungeon.
             The game lasted 00:18:26 (3192 turns).

random13 the Insei (Octopode Transmuter)            Turns: 3192, Time: 00:18:27

Health: -5/28      AC:  1    Str: 15    XL:     4   Next: 59%
Magic:  7/7        EV: 13    Int: 17    God:
Gold:   155        SH:  0    Dex: 12    Spells: 1/7 levels left

rFire   . . .      SeeInvis .     - Unarmed
rCold   . . .      Faith    .   (no shield)
rNeg    . . .      Spirit   .   (helmet currently unavailable)
rPois   .          Reflect  .   g - amulet of magic regeneration
rElec   .          Harm     .   h - +6 ring of strength
rCorr   .          Rampage  .   (no ring)
Will    .....                   (no ring)
Stlth   ++........              (no ring)
HPRegen 0.09/turn               (no ring)
MPRegen 0.50/turn               (no ring)
                                (no ring)
                                (no ring)

@: appendages (expiring)
A: tentacle spike 3, almost no armour, amphibious, 8 rings, camouflage 1,
gelatinous body 1, (nimble swimmer 1), tentacles
a: End Transformation


You were on level 4 of the Dungeon.
One of your tentacles had grown a beastly spike.
You visited 1 branch of the dungeon, and saw 4 of its levels.

You collected 155 gold pieces.

Inventory:

Missiles
 k - 3 boomerangs
Jewellery
 g - an amulet of magic regeneration (around mantle)
 h - a +6 ring of strength (left tentacle)
 i - a ring of ice
Wands
 j - a wand of flame (26)
Scrolls
 a - 3 scrolls of teleportation {unknown}
 b - a scroll of vulnerability {unknown}
 e - a scroll of identify {unknown}
 f - a scroll of noise {unknown}
 l - 2 scrolls of fog {unknown}
Potions
 c - 2 potions of brilliance {unknown}
 d - a potion of invisibility {unknown}
 m - a potion of mutation {unknown}


   Skills:
 - Level 1.0 Fighting
 - Level 2.0 Dodging
 - Level 5.0 Unarmed Combat
 - Level 2.0 Spellcasting
 + Level 2.4 Transmutations


You had one spell level left.
You knew the following spells:

 Your Spells              Type           Power      Damage    Failure   Level
a - Beastly Appendage     Tmut           20%        N/A       7%          1
b - Wereblood             Tmut           10%        N/A       11%         2
c - Spider Form           Tmut/Pois      5%         N/A       34%         3

Your spell library contained the following spells:

 Spells                   Type           Power      Damage    Failure   Level
 Animate Skeleton         Necr           2%         N/A       19%         1
 Apportation              Tloc           2%         N/A       19%         1
 Summon Small Mammal      Summ           4%         N/A       19%         1
 Ice Form                 Ice/Tmut       5%         N/A       75%         4


Dungeon Overview and Level Annotations

Branches:
Dungeon (4/15)
 Temple: D:4-7

Altars:
Cheibriados
Kikubaaqudgha
Qazlal
Wu Jian

Shops:
D:1 :

Annotations:
D:2 1 runed translucent door, Crazy Yiuf
D:3 3 runed translucent doors, ytrimaz's ghost, weakling OpTm


Innate Abilities, Weirdness & Mutations

One of your tentacles has grown a beastly spike.
You cannot wear most types of armour.
You are amphibious.
You can wear up to eight rings at the same time.
Your skin changes colour to match your surroundings (Stealth+).
Your rubbery body absorbs attacks. (AC +1, EV +1)
((You are camouflaged near water. (Stealth+)))
You have tentacles for arms and can constrict up to eight enemies at once.


Message History

The orc is lightly wounded.
The orc hits you with a +0 hand axe!
You closely miss the orc. Your grab misses the orc.
The orc is lightly wounded.
The orc hits you but does no damage.
You bludgeon the orc!
You kill the orc!
The ball python closely misses you. The ball python misses you.
You tentacle-slap the ball python.
You kill the ball python!
You tentacle-slap the orc but do no damage.
You grab the orc.
You pierce the orc, but do no damage.
You constrict the orc. The orc hits you but does no damage.
You bludgeon the orc!
You kill the orc!
You tentacle-slap the orc but do no damage.
You grab the orc. You squeeze the orc, but do no damage. You constrict the orc.
The orc hits you with a +0 war axe.
You tentacle-slap the orc but do no damage.
The orc is moderately wounded.
You constrict the orc, but do no damage.
The orc hits you with a +0 war axe!
* * * LOW HITPOINT WARNING * * *
You tentacle-slap the orc.
You kill the orc!
You closely miss something. Your squeeze misses something. Something hits you.
* * * LOW HITPOINT WARNING * * *
You miss something.
Your tentacle spike misses something.
Something hits you.
* * * LOW HITPOINT WARNING * * *
You tentacle-slap something.
Your tentacle-slap misses something.
Something hits you.
* * * LOW HITPOINT WARNING * * *
Unknown command.
You miss something.
Your tentacle spike misses something.
Your transformation is almost over.
You closely miss something.
You hear some strange, mumbled words.
A magic dart appears from out of thin air!
The magic dart hits you.
You die...

#...............#
######...<#.....#
#....#.....#
#....#.....#
#........#.#
#.###.##.#.# #.
#.##.#.# #.
#.##.#.# #.
#.##@#.# #{#.#
########.#.#
...........#
######.##.#
#.........#
#.###...#.#
#...#.# #...#.#


There were no monsters in sight!

Vanquished Creatures
  An adder (D:2)
  A shadow imp (D:3)
  A dart slug (D:3)
  4 orcs
  5 bats
  4 endoplasms
  5 giant cockroaches
  8 goblins
  6 hobgoblins
  3 jackals (D:3)
  2 kobolds
  7 quokkas
  5 ball pythons
  A frilled lizard (D:1)
  4 rats
57 creatures vanquished.

Notes
Turn   | Place    | Note
-------+----------+-------------------------------------------
     0 | D:1      | random13 the Octopode Transmuter began the quest for the
                  | Orb.
     0 | D:1      | Reached XP level 1. HP: 13/13 MP: 3/3
   114 | D:1      | Found Hag Moided's Book Shoppe.
   245 | D:1      | Reached XP level 2. HP: 14/18 MP: 3/5
   669 | D:1      | Reached skill level 4 in Unarmed Combat
   756 | D:1      | Reached XP level 3. HP: 23/23 MP: 4/6
  1508 | D:2      | Found a runed translucent door.
  1509 | D:2      | Noticed Crazy Yiuf
  1766 | D:2      | Found a stormy altar of Qazlal.
  2145 | D:2      | Learned a level 2 spell: Wereblood
  2149 | D:2      | Learned a level 3 spell: Spider Form
  2242 | D:3      | Reached XP level 4. HP: 21/28 MP: 7/7
  2522 | D:3      | Reached skill level 5 in Unarmed Combat
  2538 | D:3      | Found a snail-covered altar of Cheibriados.
  2566 | D:3      | Found an ancient bone altar of Kikubaaqudgha.
  3034 | D:3      | Found a runed translucent gate.
  3034 | D:3      | Found an ornate altar of the Wu Jian Council.
  3040 | D:3      | Found a runed translucent gate.
  3040 | D:3      | Found a runed translucent gate.
  3042 | D:3      | Noticed ytrimaz's ghost (weakling OpTm)
  3190 | D:4      | HP: 1/28 [something (2)]
  3192 | D:4      | Killed from afar by an orc wizard

Illustrated notes

Levels and vault maps discovered:
D:1:      minmay_arrival_plants_in_alcoves, layout_rooms, serial_shops,
          shop_fountains, minmay_quantized
D:2:      layout_loops_corners, basic_altar, uniq_crazy_yiuf_cottage
D:3:      layout_basic, nzn_wu_jian_council_hall, mainiacjoe_overflow_two_lobes,
          ebering_ghost_rock_garden
D:4:      layout_basic

Skill      XL: |  1  2  3  4 |
---------------+-------------+-----
Unarmed Combat | 4 5 |  5.0
Fighting       | |  1.0
Dodging        | |  2.0
Spellcasting   | |  2.0
Transmutations | |  2.4

Action                   |  1- 3 |  4- 6 || total
-------------------------+-------+-------++-------
Melee: Unarmed           |    81 |    48 ||   129
       Constrict         |    21 |    11 ||    32
       Tentacles         |     8 |     8 ||    16
       Kick              |     7 |     4 ||    11
       Punch             |     2 |     1 ||     3
 Cast: Beastly Appendage |     9 |     5 ||    14
 Stab: Sleeping          |     5 |     3 ||     8
Armor: Skin              |     6 |     3 ||     9
Dodge: Dodged            |    51 |    21 ||    72

Table legend: (Time is in decaauts)
 A = Elapsed time spent in this place.
 B = Non-inter-level travel time spent in this place.
 C = Inter-level travel time spent in this place.
 D = Time resting spent in this place.
 E = Time spent auto-exploring this place.
 F = Levels seen in this place.
 G = Mean time per level.
                   A        B        C        D        E       F      G
               +--------+--------+--------+--------+--------+-----+--------+
         Total |   3180 |   2999 |    181 |    670 |   1270 |   4 |  795.0 |
       Dungeon |   3180 |   2999 |    181 |    670 |   1270 |   4 |  795.0 |
               +--------+--------+--------+--------+--------+-----+--------+

Top non-repeatable levels by time:
     D:2: 1299 daAuts
     D:3: 927 daAuts
     D:1: 886 daAuts
     D:4: 67 daAuts
